 Dungeon Crawl Stone Soup version 0.31-a0-4-gefa6de2278 (webtiles) character file.

Game seed: 363245553836571289

470 bande the Covered (level 7, -4/44 HPs)
             Began as a Gargoyle Fighter on May 4, 2023.
             Slain by an ogre
             ... wielding a +0 giant spiked club
              (9 damage)
             ... on level 5 of the Dungeon.
             The game lasted 00:06:51 (3697 turns).

bande the Covered (Gargoyle Fighter)                Turns: 3697, Time: 00:06:51

Health: -4/44      AC: 16    Str: 19    XL:     7   Next: 9%
Magic:  16/16      EV:  7    Int:  9    God:
Gold:   170        SH:  4    Dex: 11    Spells: 6/6 levels left

rFire   . . .        a - +0 war axe (drain)
rCold   . . .        c - +0 buckler
rNeg    + . .        s - +0 chain mail
rPois   ∞            l - +1 helmet
rElec   +            (no cloak)
rCorr   +            (no gloves)
SInv    .            (no boots)
Will    .....        (no amulet) Stlth
                     g - ring of resist corrosion
HPRegen 0.27/turn    h - ring of magical power
MPRegen 0.15/turn

%: no passive effects
@: no status effects
A: sickness immunity, AC +4, negative energy resistance 1, electricity
resistance, torment resistance 1, petrification resistance
a: no special abilities


You were on level 5 of the Dungeon.
You visited 1 branch of the dungeon, and saw 5 of its levels.
You also visited: Sewer.

You collected 170 gold pieces.

Inventory:

Hand Weapons
 a - a +0 war axe of draining (weapon)
 r - a +0 flail
Armour
 c - a +0 buckler (worn)
 l - a +1 helmet (worn)
 s - a +0 chain mail (worn)
Jewellery
 g - a ring of resist corrosion (left hand)
 h - a ring of magical power (right hand)
 n - a ring of wizardry
 p - a ring of flight
Scrolls
 e - 4 scrolls of teleportation
 m - 2 scrolls of identify
 t - a scroll of magic mapping
 u - a scroll of fear
Potions
 b - 2 potions of flight
 d - 2 potions of might
 f - 2 potions of haste
 i - a potion of brilliance
 j - 2 potions of heal wounds
 k - a potion of mutation
 o - a potion of resistance {unknown}
 q - a potion of curing {unknown}


   Skills:
 + Level 4.5 Fighting
 + Level 4.8 Axes
 + Level 4.8 Armour
 - Level 0.7 Stealth
 + Level 4.3 Shields


You had 6 spell levels left.
You didn't know any spells.
Your spell library contained the following spells:

 Spells                   Type           Power      Damage    Failure   Level
 Poisonous Vapours        Pois/Air       0%         N/A       99%         2
 Mephitic Cloud           Conj/Pois/Air  0%         N/A       100%        3
 Freezing Cloud           Conj/Ice/Air   0%         6-21      100%        5


Dungeon Overview and Level Annotations

Branches:
Dungeon (5/15)              Sewer (visited)
 Temple: D:4-7

Altars:
Ashenzari

Shops:
D:3 *


Innate Abilities, Weirdness & Mutations

You are immune to sickness and miasma.
Your stone body is resilient. (AC +4)
You are immune to poison.
You resist negative energy. (rN+)
You are resistant to electric shocks. (rElec)
You are resistant to unholy torment.
You are immune to petrification.


Message History

The orc shouts!
The orc throws a stone.
The stone hits you but does no damage.
An orc is nearby!
The orc throws a stone.
The stone hits you.
The orc throws a stone.
The stone hits you but does no damage.
There is an open door here.
You hear a distant slurping noise.
You hit the orc but do no damage. You block the orc's attack.
The orc barely misses you.
You barely miss the orc. The orc hits you but does no damage.
You slash the orc!
You kill the orc!
No target in view!
No target in view!
No target in view!
No target in view!
No target in view!
Things that are here:
a +0 club; a stone; an orc corpse An ogre comes into view.
It is wielding a +0 giant spiked club.
An ogre is nearby!
You slash the ogre!
The ogre is heavily wounded.
The ogre hits you with a +0 giant spiked club!
You barely miss the ogre.
The ogre is heavily wounded.
The ogre hits you with a +0 giant spiked club!!
You hit the ogre.
The ogre is heavily wounded.
The ogre hits you with a +0 giant spiked club.
You barely miss the ogre.
The ogre is heavily wounded.
The ogre hits you with a +0 giant spiked club!
* * * LOW HITPOINT WARNING * * *
You hit the ogre but do no damage.
The ogre is heavily wounded.
You hit the ogre. You drain the ogre.
The ogre is severely wounded.
The ogre hits you with a +0 giant spiked club!
You die...

########### #..@O...... ..
#.#.############# ..
#.#.#####....##.#
#.##.#..)..'....'..#
######....#######....##.#
#..........## #....##.#
#.......#...# #....##.#
#..>....#.#.# #....##'####
#.......+...##########.....#


You could see an ogre (drained).

Vanquished Creatures
  3 kobold brigands (Sewer)
  2 iguanas
  3 gnolls (D:3)
  2 river rats
  5 adders
  A white imp (D:5)
  6 worms
  A dart slug (D:1)
  5 orcs
  2 bats
  6 endoplasms
  3 giant cockroaches
  5 goblins
  7 hobgoblins
  2 jackals (D:2)
  10 kobolds
  5 quokkas
  11 ball pythons
  2 frilled lizards
  17 rats
98 creatures vanquished.

Vanquished Creatures (others)
  4 plants (D:1)
4 creatures vanquished.

Grand Total: 102 creatures vanquished

Notes
Turn   | Place    | Note
-------+----------+-------------------------------------------
     0 | D:1      | bande the Gargoyle Fighter began the quest for the Orb.
     0 | D:1      | Reached XP level 1. HP: 14/14 MP: 1/1
    90 | D:1      | Reached XP level 2. HP: 19/19 MP: 2/2
   278 | D:1      | Reached XP level 3. HP: 24/24 MP: 3/3
   837 | D:2      | Found a broken altar of Ashenzari.
  1228 | D:3      | Found Mefirche's Assorted Antiques.
  1335 | D:3      | Reached XP level 4. HP: 16/29 MP: 4/4
  2157 | D:4      | Reached XP level 5. HP: 33/33 MP: 5/5
  2177 | D:4      | Found a glowing drain.
  2194 | Sewer    | Entered a sewer
  2312 | Sewer    | Noticed a kobold brigand
  2353 | Sewer    | Killed a kobold brigand
  2354 | Sewer    | Reached XP level 6. HP: 14/38 MP: 6/6
  3234 | D:4      | Reached XP level 7. HP: 44/44 MP: 7/7
  3601 | D:5      | Entered Level 5 of the Dungeon
  3697 | D:5      | Slain by an ogre

Illustrated notes

Levels and vault maps discovered:
D:1:      wander_arrival_fairy_ring, layout_rooms
D:2:      layout_loops_ring, basic_altar, minmay_cut_off
D:3:      layout_loops_cross, serial_shops, nicolae_shop_getting_attention,
          hex_large
D:4:      layout_basic, portal_sewer_entry_e
D:5:      layout_basic, serial_shops, nicolae_shop_crystal, nrook_mini_backslash

Skill      XL: |  1  2  3  4  5  6 |
---------------+-------------------+-----
Axes           | 2 3 4 |  4.8
Armour         | 4 |  4.8
Shields        | 4 |  4.3
Fighting       | 4 |  4.5
Stealth        | |  0.7

Action                     |  1- 3 |  4- 6 |  7- 9 || total
---------------------------+-------+-------+-------++-------
  Melee: War axe           |   101 |   182 |    13 ||   296
    Use: Scroll            |     6 |     7 |       ||    13
 Armour: Scale mail        |    61 |     1 |       ||    62
         Chain mail        |       |    93 |     4 ||    97
  Dodge: Dodged            |    44 |    55 |     4 ||   103
  Block: Buckler           |    27 |    41 |     1 ||    69

Table legend: (Time is in decaauts)
 A = Elapsed time spent in this place.
 B = Non-inter-level travel time spent in this place.
 C = Inter-level travel time spent in this place.
 D = Time resting spent in this place.
 E = Time spent auto-exploring this place.
 F = Levels seen in this place.
 G = Mean time per level.
                   A        B        C        D        E       F      G
               +--------+--------+--------+--------+--------+-----+--------+
         Total |   3961 |   3917 |     44 |    377 |   2599 |   6 |  660.2 |
       Dungeon |   2923 |   2879 |     44 |    186 |   2020 |   5 |  584.6 |
         Sewer |   1038 |   1038 |      0 |    191 |    579 |   1 | 1038.0 |
               +--------+--------+--------+--------+--------+-----+--------+

Top non-repeatable levels by time:
   Sewer: 1038 daAuts
     D:3: 888 daAuts
     D:2: 852 daAuts
     D:4: 694 daAuts
     D:1: 388 daAuts
     D:5: 98 daAuts
